 Dungeon Crawl Stone Soup version 0.28.0-53-g5a82cb258f (webtiles) character file.

Game seed: 1192087131587611150

33 PhantomBowie the Cruncher (level 3, -3/25 HPs)
             Began as a Gnoll Wanderer on June 15, 2022.
             Slain by Sigmund
             ... wielding a +0 scythe
              (10 damage)
             ... on level 2 of the Dungeon.
             The game lasted 00:02:05 (1515 turns).

PhantomBowie the Cruncher (Gnoll Wanderer)          Turns: 1515, Time: 00:02:06

Health: -3/25      AC:  7    Str: 14    XL:     3   Next: 29%
Magic:  4/4        EV:  9    Int: 10    God:
Gold:   81         SH:  0    Dex: 11    Spells: 3/3 levels left

rFire   . . .      SeeInvis .   a - +2 quarterstaff
rCold   . . .      Faith    .   (shield currently unavailable)
rNeg    . . .      Spirit   .   c - +0 scale mail
rPois   .          Reflect  .   (no helmet)
rElec   .          Harm     .   (no cloak)
rCorr   .          Rampage  .   (no gloves)
Will    .....                   (no boots)
Stlth   ..........              (no amulet)
HPRegen 0.08/turn               (no ring)
MPRegen 0.09/turn               (no ring)

@: no status effects
A: fangs 1, strong nose, distributed training
a: no special abilities


You were on level 2 of the Dungeon.
You visited 1 branch of the dungeon, and saw 2 of its levels.

You collected 81 gold pieces.

Inventory:

Hand Weapons
 a - a +2 quarterstaff (weapon)
 b - a +0 short sword
Armour
 c - a +0 scale mail (worn)
Scrolls
 d - a scroll of magic mapping {unknown}
 e - 5 scrolls of teleportation {unknown}
 h - 2 scrolls of silence {unknown}
 i - 3 scrolls of identify {unknown}
Potions
 f - a potion of attraction {unknown}
 g - a potion of mutation {unknown}
 j - 2 potions of curing {unknown}


   Skills:
 + Level 0.7 Fighting
 + Level 4.5 Short Blades
 + Level 0.7 Long Blades
 + Level 0.7 Axes
 + Level 0.7 Maces & Flails
 + Level 0.7 Polearms
 + Level 10.4 Staves
 + Level 0.7 Slings
 + Level 0.7 Bows
 + Level 0.7 Crossbows
 + Level 0.7 Throwing
 + Level 4.5 Armour
 + Level 0.7 Dodging
 + Level 0.7 Stealth
 + Level 0.7 Shields
 + Level 0.7 Unarmed Combat
 + Level 0.7 Spellcasting
 + Level 0.5 Conjurations
 + Level 0.5 Hexes
 + Level 0.5 Summonings
 + Level 0.5 Necromancy
 + Level 0.5 Translocations
 + Level 0.5 Transmutations
 + Level 0.5 Fire Magic
 + Level 0.5 Ice Magic
 + Level 0.5 Air Magic
 + Level 0.5 Earth Magic
 + Level 0.5 Poison Magic
 + Level 0.9 Invocations
 + Level 2.6 Evocations


You had 3 spell levels left.
You didn't know any spells.
Your spell library was empty.

Dungeon Overview and Level Annotations

Branches:
Dungeon (2/15)

Altars:

Annotations:
D:2 Sigmund


Innate Abilities, Weirdness & Mutations

You have very sharp teeth.
Your uncanny sense of smell can sniff out nearby items.
Your experience applies equally to all skills.


Message History

You closely miss the goblin. The goblin barely misses you.
You sock the goblin!
You kill the goblin!
You see here a +0 club.
A worm comes into view.
You hit the worm.
The worm is lightly wounded.
You hit the worm. You bite the worm.
The worm is severely wounded.
The worm closely misses you.
You hit the worm but do no damage.
The worm is heavily wounded.
You hit the worm.
The worm is severely wounded.
The worm bites you.
You sock the worm!
You kill the worm!
Magic restored.
Found a stone staircase leading down.
You now have 81 gold pieces (gained 9).
There is a stone staircase leading down here.
A rat comes into view.
You hit the rat.
You kill the rat!
You see here a rat corpse.
Sigmund the Dreaded comes into view.
He is wielding a +0 scythe and carrying a wand of digging (5).
Sigmund shouts!
Sigmund hits you but does no damage. Sigmund gestures at you while chanting.
The puff of flame hits you!
You closely miss Sigmund. You bite Sigmund.
Sigmund is lightly wounded.
Sigmund hits you with a +0 scythe!
* * * LOW HITPOINT WARNING * * *
You hit Sigmund.
Sigmund is lightly wounded.
You barely miss Sigmund.
Sigmund is lightly wounded.
Sigmund hits you with a +0 scythe!
You die...

##### #.#...
#.###.##...#
#.#.#.#.......#.#.##
#...#... #.##...#..#
#.#.#.#.#...#.#.#.##
#.#...#... ...#...#
#.#.#.#.#...#.#.#.##
...#...##.##...#..#
#.#.#.......#.#.##
#.@.##.###.##...# #
#@#...........#.##
#...##.###.###.##..#
#.#...............##
#.##.###.###.###.##
#........# ### ###
#########


You could see Sigmund.

Vanquished Creatures
  A worm (D:2)
  A dart slug (D:2)
  2 ball pythons (D:1)
  2 endoplasms (D:1)
  2 giant cockroaches
  5 goblins
  3 hobgoblins
  A kobold (D:1)
  2 quokkas
  2 bats (D:1)
  3 rats
24 creatures vanquished.

Notes
Turn   | Place    | Note
-------+----------+-------------------------------------------
     0 | D:1      | Reached skill level 10 in Staves
     0 | D:1      | PhantomBowie the Gnoll Wanderer began the quest for the
                  | Orb.
     0 | D:1      | PhantomBowie set off with the following items: a +2
                  | quarterstaff, a +0 short sword, a +0 scale mail
     0 | D:1      | Reached XP level 1. HP: 13/13 MP: 1/1
   206 | D:1      | Reached XP level 2. HP: 16/19 MP: 2/2
  1178 | D:2      | Reached XP level 3. HP: 25/25 MP: 3/3
  1511 | D:2      | Noticed Sigmund
  1515 | D:2      | Slain by Sigmund

Illustrated notes

Levels and vault maps discovered:
D:1:      dpeg_arrival_line_fractal, layout_basic,
          minmay_misc_feat_four_crosses, chequers_serial_rivers_room_b
D:2:      layout_rooms, serial_corexii_hall, corexii_hall_statues_x,
          corexii_hall_statues_deadend, moated_statue,
          nicolae_concentric_dashed_squares_wild, kennysheep_path_1,
          uniq_sigmund

Skill      XL: | |
---------------+-+-----
Staves         | | 10.4
Fighting       | |  0.7
Short Blades   | |  4.5
Long Blades    | |  0.7
Axes           | |  0.7
Maces & Flails | |  0.7
Polearms       | |  0.7
Slings         | |  0.7
Bows           | |  0.7
Crossbows      | |  0.7
Throwing       | |  0.7
Armour         | |  4.5
Dodging        | |  0.7
Stealth        | |  0.7
Shields        | |  0.7
Unarmed Combat | |  0.7
Spellcasting   | |  0.7
Conjurations   | |  0.5
Hexes          | |  0.5
Summonings     | |  0.5
Necromancy     | |  0.5
Translocations | |  0.5
Transmutations | |  0.5
Fire Magic     | |  0.5
Ice Magic      | |  0.5
Air Magic      | |  0.5
Earth Magic    | |  0.5
Poison Magic   | |  0.5
Invocations    | |  0.9
Evocations     | |  2.6

Action                   || total
-------------------------++-------
Melee: Quarterstaff      ||    69
       Bite              ||     5
Armor: Scale mail        ||    35
Dodge: Dodged            ||    25
